AoeStats
← tanishqyash31

Arabia

504970134Analyzed
1v1 RM · 24d ago on Sep 7, 2026· 22m 0s· 2 players
Game mode
Random Map
Map size
Tiny (2 player)
Population
200
Speed
Normal
Resources
Standard
Victory
Conquest
Starting age
Dark Age
Ending age
Imperial Age
RankedLock teamsTeams togetherTeam positionsShared explorationLock speedFull tech treeHidden civsTurbo modeCheats
Victory
Defeat
🇹🇷 Byzantines · Türkiye
800
+19
🇮🇳 Teutons · India
859
-52
Ryder Wilson
2:13 Loom
9:33 Feudal Age
14:24 Man-at-Arms
19:48 Double-Bit Axe
21:55 Forging
21:48 Scale Mail Armor
21:54 Scale Mail Armor
tanishqyash31
2:11 Loom
11:36 Feudal Age
12:17 Double-Bit Axe
12:19 Horse Collar
13:51 Gold Mining
18:36 Man-at-Arms
Connection lost

Rejoining the realm…

Still unreachable

The connection could not be restored.

Session expired

The server has moved on; the page needs a fresh start.